PBL
COLUMBUS REDS @ BROCKTON ROX
10/10/2046
 
TOP OF THE 1ST
York Revolution batting - Pitching for Detroit Red Wings : RHP Zong-yuan Huang
Pitching: RHP Zong-yuan Huang
Batting: LHB Ignacio Bernal 0-0: Ball
1-0: Foul Ball, location: 2F
1-1: Ground out 4-3 (Groundball, 4, EV 83.1 MPH)
Batting: LHB Jian-ying Huang 0-0: Foul Ball, location: 2F
0-1: Swinging Strike
0-2: DOUBLE (Groundball, 3L, EV 98.1 MPH)
Batting: RHB Taylor Phillips 0-0: Called Strike
0-1: Ball
1-1: Ball
2-1: Called Strike
2-2: Strikes out swinging
Batting: LHB Marvin Marroquin 0-0: Foul Ball, location: 2F
0-1: Ball
1-1: Swinging Strike
1-2: Foul Ball, location: 2F
1-2: Strikes out swinging
Top of the 1st over - 0 runs, 1 hit, 0 errors, 1 left on base; York 0 - Detroit 0
BOTTOM OF THE 1ST
Detroit Red Wings batting - Pitching for York Revolution : LHP Nick Espinoza
Pitching: LHP Nick Espinoza
Batting: RHB Tony Serrano 0-0: SINGLE (Flyball, 9S, EV 87.5 MPH)
Batting: RHB Bernalldino Carreto 0-0: Called Strike
0-1: Ball
1-1: DOUBLE (Flyball, 89D, EV 100.0 MPH)
Tony Serrano to third
Batting: RHB Jarne ter Horst 0-0: Ball
1-0: Called Strike
1-1: Ball
2-1: Foul Ball, location: 2F
2-2: Foul Ball, location: 2F
2-2: Foul Ball, location: 2F
2-2: Fly out, F2 (Popup, 2L, EV 88.8 MPH)
Batting: RHB Aleksandr Ogryzek 0-0: Called Strike
0-1: Ball
1-1: SINGLE (Groundball, 34D, EV 105.6 MPH)
Tony Serrano scores
Bernalldino Carreto to third
Batting: RHB Marcos Ornelas 0-0: Ball
1-0: Grounds into double play, 5-4-3 (Groundball, 56, EV 102.5 MPH)
Bottom of the 1st over - 1 run, 3 hits, 0 errors, 1 left on base; York 0 - Detroit 1
TOP OF THE 2ND
York Revolution batting - Pitching for Detroit Red Wings : RHP Zong-yuan Huang
Batting: SHB Jon Rader 0-0: Ball
1-0: Called Strike
1-1: Called Strike
1-2: Foul Ball, location: 2F
1-2: Foul Ball, location: 2F
1-2: Ball
2-2: Ball
3-2: Ground out 6-3 (Groundball, 56, EV 98.1 MPH)
Batting: RHB Toshiaki Oishi 0-0: Ground out 6-3 (Groundball, 6, EV 83.8 MPH)
Batting: RHB Matt League 0-0: Ground out 6-3 (Groundball, 6, EV 80.0 MPH)
Top of the 2nd over - 0 runs, 0 hits, 0 errors, 0 left on base; York 0 - Detroit 1
BOTTOM OF THE 2ND
Detroit Red Wings batting - Pitching for York Revolution : LHP Nick Espinoza
Batting: LHB Tim Heiny 0-0: Ball
1-0: Called Strike
1-1: SINGLE (Groundball, 34D, EV 95.6 MPH)
Batting: RHB Hector Santillan 0-0: Ball
1-0: Ball
2-0: Called Strike
2-1: Called Strike
2-2: Strikes out swinging
Batting: RHB Daniel Keyser 0-0: Foul Ball, location: 2F
0-1: Ball
1-1: Reached on error, E6 (Popup, 25, EV 86.9 MPH)
Tim Heiny to second
Batting: SHB David Bantista 0-0: Called Strike
0-1: Ball
1-1: Ball
2-1: Fly out, F8 (Flyball, 8RD, EV 89.4 MPH)
Batting: RHB Tony Serrano 0-0: Swinging Strike
0-1: Foul Ball, location: 2F
0-2: Foul Ball, location: 2F
0-2: Foul Ball, location: 2F
0-2: Strikes out swinging
Bottom of the 2nd over - 0 runs, 1 hit, 1 error, 2 left on base; York 0 - Detroit 1
TOP OF THE 3RD
York Revolution batting - Pitching for Detroit Red Wings : RHP Zong-yuan Huang
Batting: RHB Pat Schoener 0-0: Ball
1-0: Ground out 6-3 (Groundball, 6MS, EV 86.9 MPH)
Batting: SHB Nick Bortner 0-0: Ball
1-0: Called Strike
1-1: Ball
2-1: Swinging Strike
2-2: Strikes out swinging
Batting: LHB Ignacio Bernal 0-0: Ground out 4-3 (Groundball, 4, EV 76.9 MPH)
Top of the 3rd over - 0 runs, 0 hits, 0 errors, 0 left on base; York 0 - Detroit 1
BOTTOM OF THE 3RD
Detroit Red Wings batting - Pitching for York Revolution : LHP Nick Espinoza
Batting: RHB Bernalldino Carreto 0-0: Ground out 4-3 (Groundball, 4M, EV 88.1 MPH)
Batting: RHB Jarne ter Horst 0-0: Swinging Strike
0-1: Fly out, F9 (Flyball, 89D, EV 102.5 MPH)
Batting: RHB Aleksandr Ogryzek 0-0: Foul Ball, location: 2F
0-1: Swinging Strike
0-2: Ball
1-2: Fly out, F8 (Flyball, 8RM, EV 88.1 MPH)
Bottom of the 3rd over - 0 runs, 0 hits, 0 errors, 0 left on base; York 0 - Detroit 1
TOP OF THE 4TH
York Revolution batting - Pitching for Detroit Red Wings : RHP Zong-yuan Huang
Batting: LHB Jian-ying Huang 0-0: Ball
1-0: Ground out 2-3 (Groundball, 2L, EV 73.1 MPH)
Batting: RHB Taylor Phillips 0-0: Swinging Strike
0-1: Ball
1-1: Swinging Strike
1-2: Strikes out swinging
Batting: LHB Marvin Marroquin 0-0: Foul Ball, location: 2F
0-1: Swinging Strike
0-2: Ball
1-2: Strikes out swinging, 2-3 out at first.
Top of the 4th over - 0 runs, 0 hits, 0 errors, 0 left on base; York 0 - Detroit 1
BOTTOM OF THE 4TH
Detroit Red Wings batting - Pitching for York Revolution : LHP Nick Espinoza
Batting: RHB Marcos Ornelas 0-0: Ball
1-0: Foul Ball, location: 2F
1-1: Called Strike
1-2: Strikes out swinging
Batting: LHB Tim Heiny 0-0: Ball
1-0: Called Strike
1-1: Foul Ball, location: 2F
1-2: Fly out, F8 (Line Drive, 8LD, EV 103.1 MPH)
Batting: RHB Hector Santillan 0-0: Foul Ball, location: 2F
0-1: Swinging Strike
0-2: Strikes out looking
Bottom of the 4th over - 0 runs, 0 hits, 0 errors, 0 left on base; York 0 - Detroit 1
TOP OF THE 5TH
York Revolution batting - Pitching for Detroit Red Wings : RHP Zong-yuan Huang
Batting: SHB Jon Rader 0-0: Ball
1-0: Called Strike
1-1: Fly out, F9 (Line Drive, 9, EV 85.6 MPH)
Batting: RHB Toshiaki Oishi 0-0: Ball
1-0: Ball
2-0: Foul Ball, location: 2F
2-1: Foul Ball, location: 2F
2-2: Strikes out looking
Batting: RHB Matt League 0-0: Ball
1-0: Foul Ball, location: 2F
1-1: Foul Ball, location: 2F
1-2: Ball
2-2: Strikes out swinging
Top of the 5th over - 0 runs, 0 hits, 0 errors, 0 left on base; York 0 - Detroit 1
BOTTOM OF THE 5TH
Detroit Red Wings batting - Pitching for York Revolution : LHP Nick Espinoza
Batting: RHB Daniel Keyser 0-0: Called Strike
0-1: Fly out, F9 (Flyball, 89M, EV 83.8 MPH)
Batting: SHB David Bantista 0-0: Called Strike
0-1: Called Strike
0-2: Ball
1-2: Ball
2-2: Strikes out looking
Batting: RHB Tony Serrano 0-0: Fly out, F8 (Flyball, 8RS, EV 92.5 MPH)
Bottom of the 5th over - 0 runs, 0 hits, 0 errors, 0 left on base; York 0 - Detroit 1
TOP OF THE 6TH
York Revolution batting - Pitching for Detroit Red Wings : RHP Zong-yuan Huang
Batting: RHB Pat Schoener 0-0: Foul Ball, location: 2F
0-1: Foul Ball, location: 2F
0-2: DOUBLE (Line Drive, 5D, EV 94.4 MPH)
Batting: SHB Nick Bortner 0-0: Called Strike
0-1: Ball
1-1: Ball
2-1: Swinging Strike
2-2: Ground out 4-3 (Groundball, 4, EV 80.0 MPH)
Pat Schoener to third
Batting: LHB Ignacio Bernal 0-0: Ball
1-0: Ball
2-0: Called Strike
2-1: SINGLE (Line Drive, 56, EV 97.5 MPH)
Pat Schoener scores
Batting: LHB Jian-ying Huang 0-0: Called Strike
Ignacio Bernal steals 2nd base
0-1: Ball
1-1: Called Strike
1-2: Strikes out swinging
Batting: RHB Taylor Phillips 0-0: Intentional Walk
Batting: LHB Marvin Marroquin 0-0: Ground out U3 (Groundball, 3, EV 103.1 MPH)
Top of the 6th over - 1 run, 2 hits, 0 errors, 2 left on base; York 1 - Detroit 1
BOTTOM OF THE 6TH
Detroit Red Wings batting - Pitching for York Revolution : LHP Nick Espinoza
Batting: RHB Bernalldino Carreto 0-0: Ball
1-0: Foul Ball, location: 2F
1-1: Ball
2-1: Ball
3-1: Foul Ball, location: 2F
3-2: Ground out 6-3 (Groundball, 6, EV 104.4 MPH)
Batting: RHB Jarne ter Horst 0-0: Called Strike
0-1: Ball
1-1: Ball
2-1: Called Strike
2-2: Ball
3-2: Ground out 6-3 (Groundball, 6M, EV 78.1 MPH)
Batting: RHB Aleksandr Ogryzek 0-0: Called Strike
0-1: Foul Ball, location: 2F
0-2: Foul Ball, location: 2F
0-2: Foul Ball, location: 2F
0-2: Hit by Pitch
Batting: RHB Marcos Ornelas 0-0: Called Strike
0-1: Ball
1-1: Foul Ball, location: 2F
1-2: Fielders Choice at 2nd, 6-4 (Groundball, 6, EV 103.1 MPH)
Bottom of the 6th over - 0 runs, 0 hits, 0 errors, 1 left on base; York 1 - Detroit 1
TOP OF THE 7TH
York Revolution batting - Pitching for Detroit Red Wings : RHP Zong-yuan Huang
Batting: SHB Jon Rader 0-0: Ball
1-0: Called Strike
1-1: Foul Ball, location: 2F
1-2: Fly out, F8 (Line Drive, 8LD, EV 90.6 MPH)
Batting: RHB Toshiaki Oishi 0-0: Ball
1-0: Called Strike
1-1: Swinging Strike
1-2: Strikes out swinging
Batting: RHB Matt League 0-0: Ball
1-0: Ball
2-0: Ball
3-0: Called Strike
3-1: Base on Balls
Batting: RHB Pat Schoener 0-0: DOUBLE (Flyball, 8LXD, EV 104.4 MPH)
Matt League to third
Runner from 3rd tries for Home, SAFE, throw by CF to trailing runner, OUT at third! 8-6-5
Top of the 7th over - 1 run, 1 hit, 0 errors, 0 left on base; York 2 - Detroit 1
BOTTOM OF THE 7TH
Detroit Red Wings batting - Pitching for York Revolution : LHP Nick Espinoza
Batting: LHB Tim Heiny 0-0: SINGLE (Flyball, 89M, EV 93.1 MPH)
Batting: RHB Hector Santillan 0-0: Swinging Strike
0-1: Called Strike
0-2: Foul Ball, location: 2F
0-2: Strikes out swinging
Pinch Hitting: LHB Joel Kunkler 0-0: Called Strike
Tim Heiny is caught stealing 2nd base 2-6
0-1: DOUBLE (Line Drive, 89D, EV 103.8 MPH)
Batting: SHB David Bantista 0-0: Ball
1-0: Called Strike
1-1: Ball
2-1: Ball
3-1: Called Strike
3-2: Ground out 5-3 (Groundball, 5L, EV 89.4 MPH)
Bottom of the 7th over - 0 runs, 2 hits, 0 errors, 1 left on base; York 2 - Detroit 1
TOP OF THE 8TH
York Revolution batting - Pitching for Detroit Red Wings : RHP Zong-yuan Huang
Now at 3B: Joel Kunkler
Batting: SHB Nick Bortner 0-0: Called Strike
0-1: Foul Ball, location: 2F
0-2: Foul Ball, location: 2F
0-2: Strikes out swinging
Batting: LHB Ignacio Bernal 0-0: Ground out U3 (Groundball, 3, EV 82.5 MPH)
Batting: LHB Jian-ying Huang 0-0: Ball
1-0: Called Strike
1-1: Ground out 4-3 (Groundball, 4M, EV 81.3 MPH)
Top of the 8th over - 0 runs, 0 hits, 0 errors, 0 left on base; York 2 - Detroit 1
BOTTOM OF THE 8TH
Detroit Red Wings batting - Pitching for York Revolution : LHP Nick Espinoza
Pitching: RHP Masaru Sakuma
Batting: RHB Tony Serrano 0-0: Ball
1-0: SINGLE (Groundball, 6D, EV 101.3 MPH)
Pinch Hitting: RHB Jorge Severiano 0-0: Ball
1-0: Sac Bunt to 5S - play at first, batter OUT! 5-4
Tony Serrano to second
Batting: RHB Jarne ter Horst 0-0: Called Strike
0-1: Fly out, F8 (Flyball, 89S, EV 89.4 MPH)
Batting: RHB Aleksandr Ogryzek 0-0: Ball
1-0: Ball
2-0: Ball
3-0: Base on Balls
Pinch Hitting: RHB Väinö Tapaninen 0-0: Ball
1-0: Foul Ball, location: 2F
1-1: Fly out, F1 (Line Drive, P, EV 67.5 MPH)
Bottom of the 8th over - 0 runs, 1 hit, 0 errors, 2 left on base; York 2 - Detroit 1
TOP OF THE 9TH
York Revolution batting - Pitching for Detroit Red Wings : RHP Zong-yuan Huang
Now at 2B: Kyle Mosquera
Now at SS: Atte Reima
Batting: RHB Taylor Phillips 0-0: Called Strike
0-1: Called Strike
0-2: Foul Ball, location: 2F
0-2: Strikes out swinging
Batting: LHB Marvin Marroquin 0-0: Called Strike
0-1: Called Strike
0-2: Ball
1-2: Ball
2-2: Ball
3-2: SINGLE (Groundball, 6M, EV 99.4 MPH)
Pitching: RHP Alexis Trujillo
Batting: SHB Jon Rader 0-0: Foul Ball, location: 2F
0-1: Ball
1-1: Swinging Strike
1-2: Ball
2-2: Foul Ball, location: 2F
2-2: Ball
3-2: Foul Ball, location: 2F
3-2: Fly out, F5 (Popup, 56S, EV 81.3 MPH)
Batting: RHB Toshiaki Oishi 0-0: Called Strike
0-1: Ball
Marvin Marroquin steals 2nd base
1-1: Intentional Walk
Batting: RHB Matt League 0-0: Ground out 3-1 (Groundball, 34, EV 110.6 MPH)
Top of the 9th over - 0 runs, 1 hit, 0 errors, 2 left on base; York 2 - Detroit 1
BOTTOM OF THE 9TH
Detroit Red Wings batting - Pitching for York Revolution : RHP Masaru Sakuma
Pitching: LHP Jesus Zapata
Now at 2B: Kakaio Nara
Pinch Hitting: RHB Henry Murgas 0-0: Hit by Pitch
Pinch Hitting: RHB José Molina 0-0: Called Strike
0-1: Called Strike
0-2: Ball
1-2: Foul Ball, location: 2F
1-2: Ground out 6-3 (Groundball, 56S, EV 66.9 MPH)
Henry Murgas to second
Batting: LHB Joel Kunkler 0-0: Ball
1-0: Called Strike
1-1: Foul Ball, location: 2F
1-2: Foul Ball, location: 2F
1-2: SINGLE (Groundball, 4MD, EV 98.8 MPH)
Henry Murgas to third
Batting: SHB David Bantista 0-0: Swinging Strike
0-1: Swinging Strike
0-2: Ball
1-2: Foul Ball, location: 2F
1-2: Strikes out swinging
Batting: RHB Tony Serrano 0-0: Called Strike
0-1: Ball
1-1: Foul Ball, location: 2F
1-2: Foul Ball, location: 2F
1-2: Foul Ball, location: 2F
1-2: Fly out, F7 (Flyball, 78S, EV 95.6 MPH)
Bottom of the 9th over - 0 runs, 1 hit, 0 errors, 2 left on base; York 2 - Detroit 1
Tuesday, September 13th , 2022 - OOTP Baseball 23.7 Build 88